 Dungeon Crawl Stone Soup version 0.29.1-15-g9cfb28693d (webtiles) character file.

Game seed: 4552523784440255862

86 H0rd4k the Charlatan (level 4, 0/32 HPs)
             Began as a Human Artificer on Apr 14, 2023.
             Succumbed to an adder's poison
             ... in a sewer.
             The game lasted 00:02:33 (3123 turns).

H0rd4k the Charlatan (Human Artificer)              Turns: 3123, Time: 00:02:33

Health: 0/32       AC:  3    Str: 12    XL:     4   Next: 77%
Magic:  4/4        EV: 12    Int: 13    God:
Gold:   81         SH:  0    Dex: 14    Spells: 3/3 levels left

rFire   . . .      SeeInvis .   f - +0 dagger (elec)
rCold   . . .      Faith    .   (no shield)
rNeg    . . .      Spirit   .   b - +0 leather armour
rPois   .          Reflect  .   (no helmet)
rElec   .          Harm     .   (no cloak)
rCorr   .          Rampage  .   (no gloves)
Will    .....                   (no boots)
Stlth   ++........              r - amulet of the acrobat
HPRegen 0.10/turn               (no ring)
MPRegen 0.09/turn               (no ring)

@: lethally poisoned (0 -> -5)
A: no striking features
a: no special abilities


You were in a sewer.
You visited 1 branch of the dungeon, and saw 3 of its levels.
You also visited: Sewer.

You collected 81 gold pieces.

Inventory:

Hand Weapons
 a - a +0 club
 f - a +0 dagger of electrocution (weapon)
Missiles
 h - 11 poisoned darts
Armour
 b - a +0 leather armour (worn)
Magical Staves
 t - a staff of fire
Jewellery
 r - an amulet of the acrobat (around neck)
 u - a +4 ring of protection
Wands
 c - a wand of flame (13) (quivered)
 d - a wand of charming (15)
 e - a wand of iceblast (5)
Scrolls
 j - a scroll of noise {unknown}
 k - 3 scrolls of teleportation {unknown}
 m - 2 scrolls of immolation {unknown}
 n - a scroll of magic mapping {unknown}
 p - a scroll of enchant armour {unknown}
 q - 3 scrolls of identify {unknown}
Potions
 g - a potion of resistance {unknown}
 i - 2 potions of mutation {unknown}
 l - a potion of curing {unknown}
 o - a potion of haste {unknown}
 s - a potion of flight {unknown}
 v - 2 potions of attraction {unknown}
 w - a potion of magic {unknown}


   Skills:
 + Level 1.4 Fighting
 + Level 1.2 Short Blades
 + Level 0.6 Maces & Flails
 - Level 2.0 Armour
 + Level 2.1 Dodging
 + Level 1.4 Stealth
 + Level 3.9 Evocations


You had 3 spell levels left.
You didn't know any spells.
Your spell library contained the following spells:

 Spells                   Type           Power      Damage    Failure   Level
 Beastly Appendage        Tmut           0%         N/A       36%         1
 Wereblood                Tmut           0%         N/A       52%         2
 Spider Form              Tmut/Pois      0%         N/A       75%         3


Dungeon Overview and Level Annotations

Branches:
Dungeon (3/15)              Sewer (1/1)

Altars:
The Shining One

Shops:
D:2 [


Message History

The frilled lizard closely misses you. The adder bites you but does no damage.
You hit the adder.
The adder is heavily wounded.
You feel sick. The frilled lizard bites you.
The adder bites you but does no damage.
You hit the adder.
The adder is heavily wounded.
You feel sick. The adder barely misses you. The frilled lizard bites you.
You barely miss the adder.
The adder is heavily wounded.
You feel sick.
You are no longer poisoned.
The adder bites you but does no damage.
The frilled lizard bites you but does no damage.
You miss the adder.
The adder is heavily wounded.
The adder closely misses you. The frilled lizard closely misses you.
The adder bites you.
* * * LOW HITPOINT WARNING * * *
You hit the adder.
The adder is heavily wounded.
The adder bites you.
* * * LOW HITPOINT WARNING * * *
The frilled lizard bites you.
* * * LOW HITPOINT WARNING * * *
You miss the adder.
The adder is heavily wounded.
The adder bites you.
* * * LOW HITPOINT WARNING * * *
You are lethally poisoned!
The adder poisons you! The frilled lizard barely misses you.
Unknown command.
You hit the adder.
The adder is almost dead.
* * * LOW HITPOINT WARNING * * *
You feel sick. The adder bites you but does no damage.
The frilled lizard barely misses you.
You barely miss the adder.
The adder is almost dead.
You die...

#....~~~~≈~#
##...P~~~≈~#
##...~P#~≈~#
#....~~#~~~#
#......#~≈~#
#......#~≈~~~
#....P.#~≈~~~~
#......#~≈~~~.
##...@.#
#..lS.#
#.....#
#P....#
#.....P#
#.....~~#
#.....P~~~
#......~P#


You could see an adder and a frilled lizard.

Vanquished Creatures
  3 adders (D:2)
  11 ball pythons
  3 endoplasms
  6 giant cockroaches
  5 goblins
  2 hobgoblins (D:1)
  4 kobolds
  3 quokkas
  7 bats
  5 frilled lizards
  8 rats
57 creatures vanquished.

Notes
Turn   | Place    | Note
-------+----------+-------------------------------------------
     0 | D:1      | H0rd4k the Human Artificer began the quest for the Orb.
     0 | D:1      | Reached XP level 1. HP: 15/15 MP: 1/1
   686 | D:1      | Reached XP level 2. HP: 10/21 MP: 2/2
  1172 | D:1      | Reached XP level 3. HP: 26/26 MP: 3/3
  1950 | D:2      | Found Imerghoze's Antique Armour Shop.
  2176 | D:2      | Reached XP level 4. HP: 13/32 MP: 4/4
  2455 | D:2      | Reached skill level 1 in Short Blades
  2804 | D:3      | Found a glowing golden altar of the Shining One.
  2956 | D:3      | Found a glowing drain.
  2965 | Sewer    | Entered a sewer
  3122 | Sewer    | HP: 1/32 [poisoned by an adder]
  3123 | Sewer    | Succumbed to an adder's poison

Illustrated notes

Levels and vault maps discovered:
D:1:      evilmike_arrival_fibonacci_small, layout_basic, glass_columns_a,
          hangedman_abyss_or_decor_stabs, minmay_tripent
D:2:      layout_rooms, serial_shops, shop, nicolae_hexahallways
D:3:      layout_loops_ring, tso_metal_star, old_standard_altar,
          cheibrodos_sewer_entry_bend, minmay_misc_feat_iff, minmay_surrounded,
          uniq_jessica
Sewer:    kennysheep_pipe_town

Skill      XL: |  1  2  3  4 |
---------------+-------------+-----
Short Blades   | 1 |  1.2
Dodging        | 2 |  2.1
Fighting       | |  1.4
Maces & Flails | |  0.6
Armour         | |  2.0
Stealth        | |  1.4
Evocations     | |  3.9

Action                   |  1- 3 |  4- 6 || total
-------------------------+-------+-------++-------
Melee: Dagger            |   127 |    86 ||   213
       Club              |    17 |       ||    17
Evoke: Wand              |     2 |       ||     2
 Stab: Sleeping          |     1 |     3 ||     4
Armor: Leather armour    |    47 |    24 ||    71
Dodge: Dodged            |    84 |    84 ||   168
